 Dungeon Crawl Stone Soup version 0.26-a0-667-g92642533e4 (webtiles) character file.

Game seed: 9407173165836628047

16324 mandarbmax the Cruncher (level 12, -6/95 HPs)
             Began as a Formicid Fighter on Oct 16, 2020.
             Was the Champion of Okawaru.
             Killed from afar by a bog body (20 damage)
             ... with a bolt of cold
             ... on level 2 of the Lair of Beasts.
             The game lasted 00:36:52 (14189 turns).

mandarbmax the Cruncher (Formicid Fighter)         Turns: 14189, Time: 00:36:53

Health: -6/95      AC: 22    Str: 21    XL:     12   Next: 68%
Magic:  16/16      EV:  6    Int:  9    God:    Okawaru [******]
Gold:   72         SH: 12    Dex: 14    Spells: 11/11 levels left

rFire    + . .     SeeInvis +   a - +1 lajatang (elec)
rCold    . . .     Faith    .   c - +0 kite shield
rNeg     . . .     Spirit   .   x - +0 plate armour
rPois    .         Reflect  .   (helmet unavailable)
rElec    .         Harm     .   k - +2 cloak
rCorr    .         Rampage  .   g - +2 pair of gloves
MR       +....                  q - +0 pair of boots
Stlth    ..........             (no amulet)
HPRegen  0.25/turn              (no ring)
MPRegen  0.15/turn              p - ring of protection from fire

@: no status effects
A: permanent stasis, dig shafts and tunnels, four strong arms, antennae 3
a: Dig, Shaft Self, Heroism, Finesse, Renounce Religion


You were on level 2 of the Lair of Beasts.
You worshipped Okawaru.
Okawaru was exalted by your worship.
You visited 3 branches of the dungeon, and saw 13 of its levels.

You collected 885 gold pieces.
You spent 813 gold pieces at shops.

Inventory:

Hand Weapons
 a - a +1 lajatang of electrocution (weapon)
 b - a +2 quarterstaff of flaming
 L - the +0 quarterstaff "Ofoxipus" {protect, rF+}
   (Okawaru gifted it to you on level 2 of the Lair of Beasts)

   It grants its wielder temporary protection when it strikes (+7 to AC).
   It protects you from fire.
Missiles
 f - 305 stones
 j - 10 boomerangs of dispersal
 n - 56 bolts
 w - 6 throwing nets
 B - 10 curare-tipped darts
 F - 16 poisoned darts (quivered)
 G - 5 atropa-tipped darts
 H - 5 javelins
 J - 4 silver boomerangs
Armour
 c - a +0 kite shield (worn)
 g - a +2 pair of gloves (worn)
 k - a +2 cloak (worn)
 q - a +0 pair of boots (worn)
 x - a +0 plate armour (worn)
 A - a +2 leather armour of fire resistance
Jewellery
 m - an uncursed ring of wizardry
 p - a ring of protection from fire (right hand)
 s - an uncursed ring of fire
Wands
 d - a wand of disintegration (4)
 h - a wand of digging (23)
 t - a wand of paralysis (11)
 y - a wand of enslavement (16)
 N - a wand of acid (12)
 O - a wand of iceblast (2)
 P - a wand of flame (25)
Scrolls
 e - a scroll of immolation
 r - a scroll of fear
 u - 3 scrolls of remove curse
Potions
 i - 8 potions of curing
 l - a potion of might
 o - 2 potions of brilliance {unknown}
 v - 3 potions of stabbing
 z - a potion of berserk rage {unknown}
 C - a potion of magic {unknown}
 D - 2 potions of flight
 E - 2 potions of cancellation
 K - 2 potions of lignification
 M - 2 potions of mutation {unknown}
Miscellaneous
 I - a tin of tremorstones (3/3)


   Skills:
 - Level 9.1 Fighting
 + Level 12.6 Staves
 - Level 4.0 Throwing
 - Level 9.1 Armour
 - Level 11.0 Shields
 + Level 5.3 Invocations


You had 11 spell levels left.
You didn't know any spells.
Your spell library contained the following spells:

 Spells                   Type           Power        Failure   Level
 Corona                   Hex            #......      100%        1
 Ensorcelled Hibernation  Hex/Ice        #.....       100%        2
 Slow                     Hex            #.......     100%        2
 Confusing Touch          Hex            #.......     100%        3
 Dazzling Flash           Conj/Hex       #.....       100%        3
 Inner Flame              Hex/Fire       #.......     100%        3
 Portal Projectile        Hex/Tloc       #.....       100%        3
 Tukima's Dance           Hex            #.......     100%        3
 Cause Fear               Hex            #.........   100%        4
 Leda's Liquefaction      Hex/Erth       #.........   100%        4


Dungeon Overview and Level Annotations

Branches:
Dungeon (10/15)            Temple (1/1) D:4            Lair (2/6) D:10
    Orc (0/2) D:10
  Swamp: Lair:2-4    Shoals: Lair:2-4     Snake: Lair:2-4    Spider: Lair:2-4

Altars:
Ashenzari
Cheibriados
Dithmenos
Elyvilon
Fedhas
Gozag
Hepliaklqana
Kikubaaqudgha
Makhleb
Nemelex Xobeh
Okawaru
Qazlal
Ru
Sif Muna
Trog
Uskayaw
Vehumet
Wu Jian
Xom
Yredelemnul
Zin
The Shining One

Shops:
D:5 [   D:10 (

Annotations:
Lair:1 3 runed translucent doors, xraymikek's ghost, journeyman DrFE


Innate Abilities, Weirdness & Mutations

You cannot be hasted, slowed, berserked, paralysed or teleported.
You can dig through walls and to a lower floor.
Your four strong arms can wield two-handed weapons with a shield.
You have a pair of large antennae on your head. (SInv)


Message History

2 bog bodies come into view.
The bog body casts a spell at you. The bolt of cold hits you!!!
You feel a terrible chill!
Found a mace.
Found an escape hatch in the ceiling.
A water moccasin comes into view.
The water moccasin hisses angrily.
A bullfrog comes into view.
The bog body gestures at you while chanting.
The bolt of cold hits you!!!
You feel a terrible chill!
* * * LOW HITPOINT WARNING * * *
Unknown command.
Okay, then.
Okay, then.
Remove which piece of jewellery? (? for menu, Esc to quit)
You remove your ring of fire.
The bullfrog gives a loud, deep croak!
The bog body points at you and mumbles some strange words.
The bolt of cold hits the bog body!
The bog body resists.
The bolt of cold hits you!!
You die...

#..##.####.###........#
##.##.###P.###.#..#.###
# ## #P##.##..###### #
.......#..# ##
#......#...#### #
.####.......##..##.#P###
.[.......... #.........#
##..##....#. ##...####.#
##### .###..# ##@..#
#...#....## #...n⌠).#
..P..#S♣..♣.#
.......♣..♣..#
..#...♣♣.n♣♣.# ......
≈♣.≈ .P ...... ≈ .≈♣ ..
.<.... ≈ )≈♣


You could see 2 bog bodies and a water moccasin.

Vanquished Creatures
  Gastronok (Lair:2)
  Harold (D:8)
  A hydra (Lair:1)
  A death yak (D:9)
  2 cane toads (Lair:1)
  4 komodo dragons
  A hornet (D:10)
  Prince Ribbit (D:7)
  5 blink frogs (Lair:1)
  22 yaks
  A wyvern (D:10)
  A vampire (D:9)
  A wraith (D:10)
  A steam dragon (D:10)
  The ghost of marklar909 the Skirmisher, an amateur FoAK of Lugonu (D:5)
  2 basilisks (D:10)
  Menkaure (D:7)
  Duvessa (D:7)
  3 water moccasins (Lair:1)
  2 ice beasts
  4 sky beasts
  7 orc warriors
  3 phantoms
  7 ogres
  5 centaurs
  2 big kobolds (D:5)
  5 bullfrogs
  Dowan (D:7)
  3 scorpions
  2 wyvern skeletons
  5 killer bees (D:8)
  A water moccasin skeleton (D:4)
  3 wights
  4 howler monkeys
  2 electric eels (D:6)
  2 hounds (D:4)
  3 jellies
  A gnoll shaman (D:6)
  4 orc priests
  8 orc wizards
  A bullfrog skeleton (D:8)
  A centaur skeleton (D:4)
  Jessica (D:3)
  3 iguanas
  4 worker ants
  A hound zombie (D:6)
  3 worker ant zombies
  10 gnolls
  A howler monkey skeleton (D:9)
  10 adders
  5 shadow imps
  2 white imps (D:10)
  2 ufetubi
  An ooze (D:4)
  2 adder skeletons (D:4)
  A worm (D:2)
  7 dart slugs
  6 leopard geckos
  54 orcs
  5 giant cockroaches
  11 goblins
  4 hobgoblins
  15 jackals
  16 kobolds
  5 quokkas
  A ball python (D:3)
  2 bats
  6 frilled lizards
  A quokka skeleton (D:6)
  A quokka zombie (D:8)
  6 rats
313 creatures vanquished.

Vanquished Creatures (others)
  3 fungi
  6 plants
9 creatures vanquished.

Grand Total: 322 creatures vanquished

Notes
Turn   | Place    | Note
-------+----------+-------------------------------------------
     0 | D:1      | mandarbmax the Formicid Fighter began the quest for the
                  | Orb.
     0 | D:1      | Reached XP level 1. HP: 18/18 MP: 1/1
   113 | D:1      | Reached XP level 2. HP: 22/24 MP: 2/2
   477 | D:1      | Reached skill level 3 in Staves
   477 | D:1      | Reached XP level 3. HP: 25/29 MP: 3/3
   925 | D:2      | Reached XP level 4. HP: 35/35 MP: 4/4
   982 | D:2      | Found a sparkling altar of Nemelex Xobeh.
  1131 | D:2      | Reached skill level 4 in Staves
  1695 | D:3      | Reached XP level 5. HP: 35/41 MP: 5/5
  2115 | D:3      | Reached skill level 5 in Staves
  2511 | D:3      | Reached XP level 6. HP: 45/47 MP: 6/6
  2710 | D:3      | Noticed Jessica
  2715 | D:3      | Killed Jessica
  3035 | D:4      | Reached skill level 6 in Staves
  3165 | D:4      | Reached XP level 7. HP: 52/52 MP: 7/7
  3275 | D:4      | Reached skill level 7 in Staves
  3839 | D:4      | Reached skill level 8 in Staves
  4046 | D:4      | Found a staircase to the Ecumenical Temple.
  4075 | Temple   | Entered the Ecumenical Temple
  4184 | Temple   | Became a worshipper of Warmaster Okawaru
  4227 | D:4      | Reached XP level 8. HP: 46/58 MP: 8/8
  4403 | D:5      | Entered Level 5 of the Dungeon
  4403 | D:5      | Found a runed translucent gate.
  4403 | D:5      | Found a runed translucent gate.
  4403 | D:5      | Found an ornate altar of the Wu Jian Council.
  4490 | D:5      | Found a runed translucent gate.
  4491 | D:5      | Noticed marklar909's ghost (amateur FoAK)
  4507 | D:5      | Reached skill level 9 in Staves
  4543 | D:5      | Found Wual's Armour Boutique.
  4555 | D:5      | Bought a +2 cloak for 181 gold pieces
  5145 | D:5      | Killed marklar909's ghost
  5145 | D:5      | Reached * piety under Okawaru
  5151 | D:5      | Reached skill level 10 in Staves
  5165 | D:5      | Reached XP level 9. HP: 17/65 MP: 9/9
  5641 | D:6      | Reached skill level 5 in Shields
  6091 | D:6      | Reached skill level 1 in Throwing
  7516 | D:7      | Reached ** piety under Okawaru
  7699 | D:7      | Noticed Prince Ribbit
  7709 | D:7      | Killed Prince Ribbit
  7775 | D:7      | Noticed Menkaure
  7778 | D:7      | Killed Menkaure
  7859 | D:7      | Reached skill level 5 in Fighting
  7859 | D:7      | Reached skill level 5 in Armour
  7982 | D:7      | Noticed Duvessa
  7982 | D:7      | Noticed Dowan
  7991 | D:7      | Killed Duvessa
  7991 | D:7      | Reached XP level 10. HP: 70/74 MP: 10/10
  7997 | D:7      | Killed Dowan
  8603 | D:8      | Found a white marble altar of Elyvilon.
  8615 | D:8      | Noticed Harold
  8642 | D:8      | Killed Harold
  8642 | D:8      | Reached *** piety under Okawaru
  9771 | D:9      | Reached **** piety under Okawaru
 10389 | D:9      | Reached XP level 11. HP: 79/84 MP: 11/11
 10409 | D:9      | Received a gift from Okawaru
 10505 | D:9      | Reached skill level 11 in Staves
 10673 | D:9      | Noticed a death yak
 10739 | D:9      | Killed a death yak
 10785 | D:9      | Reached ***** piety under Okawaru
 11225 | D:10     | Entered Level 10 of the Dungeon
 11715 | D:10     | Reached skill level 10 in Shields
 11839 | D:10     | Found a staircase to the Orcish Mines.
 11928 | D:10     | Found Huonoacios's Weapon Shoppe.
 11932 | D:10     | Found a white marble altar of Elyvilon.
 11944 | D:10     | Received a gift from Okawaru
 12338 | D:10     | Found a staircase to the Lair.
 12537 | Lair:1   | Entered Level 1 of the Lair of Beasts
 12558 | Lair:1   | Reached XP level 12. HP: 94/94 MP: 12/12
 12614 | Lair:1   | Found a runed translucent gate.
 12781 | Lair:1   | Found a runed translucent gate.
 12782 | Lair:1   | Found a runed translucent gate.
 12782 | Lair:1   | Noticed xraymikek's ghost (journeyman DrFE)
 12834 | Lair:1   | Noticed a six-headed hydra
 12853 | Lair:1   | Received a gift from Okawaru
 13060 | Lair:1   | Killed a six-headed hydra
 13060 | Lair:1   | Reached skill level 12 in Staves
 13060 | Lair:1   | Reached skill level 1 in Invocations
 13433 | D:10     | Bought a +0 lajatang of electrocution for 632 gold pieces
 13717 | Lair:1   | Reached ****** piety under Okawaru
 13951 | Lair:2   | Noticed Gastronok
 13973 | Lair:2   | Killed Gastronok
 13973 | Lair:2   | Received a gift from Okawaru
 13973 | Lair:2   | Reached skill level 5 in Invocations
 13974 | Lair:2   | Got a shimmering quarterstaff {god gift}
 13975 | Lair:2   | Identified the +0 quarterstaff "Ofoxipus" {protect, rF+}
                  | (Okawaru gifted it to you on level 2 of the Lair of Beasts)
 14189 | Lair:2   | Killed from afar by a bog body

Illustrated notes

Levels and vault maps discovered:
D:1:      beargit_arrival_greenhouse, layout_basic
D:2:      layout_basic, nemelex_xobeh_ov_fountains_minmay
D:3:      layout_basic, uniq_jessica
D:4:      layout_basic, minmay_temple_entry_butterflies
D:5:      layout_cave_pools, gammafunk_ghost_nasty_kobolds, serial_shops,
          nicolae_shop_crystal, basic_altar
D:6:      layout_loops_corners, serial_bayou, serial_bayou_crossing,
          serial_bayou_pond_a, serial_bayou_pond_b, serial_bayou_shore_b,
          serial_bayou_lagoon_b
D:7:      layout_gridville, uniq_menkaure, uniq_prince_ribbit1, uniq_duvessa
D:8:      layout_loops_ring, kennysheep_little_box, minmay_joined_circles,
          uniq_harold
D:9:      argonaut_augean_stables, layout_rooms
D:10:     layout_basic, erik_lair_dragon, david_orc_4, basic_altar,
          serial_shops, nicolae_shop_trees
Temple:   kilobyte_greek_temple
Lair:1:   layout_roguey, gammafunk_ghost_split
Lair:2:   layout_loops_ring, nicolae_swamp_entry_splash_gauntlet, uniq_gastronok

Skill      XL: |  1  2  3  4  5  6  7  8  9 10 11 12 |
---------------+-------------------------------------+-----
Shields        | 4 7 8 10 11 | 11.0
Staves         | 3 4 5 6 8 10 11 12 | 12.6
Armour         | 4 5 7 8 9 |  9.1
Fighting       | 5 7 8 9 |  9.1
Throwing       | 4 |  4.0
Invocations    | 5 |  5.3

Action                   |  1- 3 |  4- 6 |  7- 9 | 10-12 || total
-------------------------+-------+-------+-------+-------++-------
Melee: Quarterstaff      |   103 |   182 |   342 |   537 ||  1164
       Lajatang          |       |       |       |    57 ||    57
 Fire: Hunting sling     |       |    46 |    35 |       ||    81
Throw: Dart              |       |       |    47 |    76 ||   123
       Javelin           |       |       |       |     7 ||     7
Invok: Heroism           |       |       |       |     4 ||     4
 Abil: Dig               |       |     2 |     1 |     2 ||     5
Evoke: Wand              |       |       |     7 |     2 ||     9
  Use: Scroll            |       |       |    15 |     9 ||    24
       Potion            |       |       |     3 |     5 ||     8
Armor: Scale mail        |    30 |    29 |       |       ||    59
       Plate armour      |       |    41 |    86 |   142 ||   269
       Leather armour    |       |     6 |    17 |       ||    23
       Skin              |       |       |       |    26 ||    26
Dodge: Dodged            |    32 |    33 |    40 |    74 ||   179
Block: Kite shield       |    54 |    74 |   120 |   212 ||   460

Table legend: (Time is in decaauts)
 A = Elapsed time spent in this place.
 B = Non-inter-level travel time spent in this place.
 C = Inter-level travel time spent in this place.
 D = Time resting spent in this place.
 E = Time spent auto-exploring this place.
 F = Levels seen in this place.
 G = Mean time per level.
                   A        B        C        D        E       F      G
               +--------+--------+--------+--------+--------+-----+--------+
         Total |  14078 |  13357 |    721 |   2719 |   8142 |  13 | 1082.9 |
       Dungeon |  12477 |  11879 |    598 |   2347 |   7259 |  10 | 1247.7 |
        Temple |    145 |    109 |     36 |      0 |     99 |   1 |  145.0 |
          Lair |   1455 |   1369 |     86 |    372 |    784 |   2 |  727.5 |
               +--------+--------+--------+--------+--------+-----+--------+

Top non-repeatable levels by time:
     D:6: 1784 daAuts
     D:8: 1682 daAuts
     D:3: 1403 daAuts
     D:9: 1397 daAuts
  Lair:1: 1223 daAuts
     D:4: 1210 daAuts
     D:7: 1138 daAuts
    D:10: 1122 daAuts
     D:5: 1058 daAuts
     D:1: 914 daAuts
     D:2: 764 daAuts
  Lair:2: 231 daAuts
  Temple: 145 daAuts
